woodfighter, neutral female scurrid Archeologist ------------------------ |.............^^^^^^^..| |..-------------------.| ----.-- ---- |.| |.....-----..| |.| |............| |.| --.......|...| |.| --......|...| |.| |.----.--.-| ------|.| --...--.....| --|lll..|.| |.......%...| |.+xl.x.|.| |`..---.--.-| |-|lrdd.|.| |...|.`..`..| |.+oo(..+.| --.---..`m.`.| |-|xxok.|-- |..`.`.```@`.| |.+lr.d.| |.>..|.......| --|rr.l.| -------------- ------- woodfighter the Field Worker Experience level: 5 Strength: 12 Dexterity: 11 Constitution: 13 Intelligence: 15 Wisdom: 16 Charisma: 11 Health: 0(31) Energy: 31(31) Def: 3 Gold: 0 Moves: 2179 Dungeon seed: TeS_3eEZabIOekqt Game ID: woodfighter_1532806442 Your Inventory: Amulets V - an uncursed amulet of ESP (being worn) Weapons a - a +2 bullwhip (weapon in paw) Armor e - an uncursed +0 leather jacket (being worn) n - an uncursed +0 pair of leather gloves (being worn) q - an uncursed +0 helmet (being worn) Comestibles b - 5 uncursed chestnuts f - an uncursed orange z - an uncursed egg P - 3 uncursed tripe rations W - 6 uncursed food rations Scrolls O - an uncursed scroll of teleportation Rings h - an uncursed ring of levitation D - a cursed ring of hunger G - a cursed ring of hunger Wands C - a wand of opening (0:8) I - a wand of fire (0:4) Tools c - an uncursed pair of lenses (being worn) s - an uncursed sack Gems Q - an uncursed touchstone Contents of the sack: a cursed ring of free action an uncursed ring of polymorph control a cursed ring of polymorph control an uncursed ring of slow digestion a cursed ring of teleportation Spells and supernatural/magical abilities: Name Level Category Fail Memory W - pray for help -- divine ? -- Your skills at the end: Miscellaneous Skills wands [Basic] Weapon Skills dart [Basic] boomerang [Basic] whip [Skilled] Spellcasting Skills Final Attributes: You were devoutly aligned. Your writing paw was ok. You were telepathic. You had automatic searching. You had infravision. You were very stealthy. You were held by a giant mimic. You were fast. You were lucky. You are dead. Vanquished creatures: a fog cloud an elf zombie 2 floating eyes a kitten a homunculus 4 dwarf zombies a coyote 2 hobbits an acid blob 2 large kobolds 2 giant rats a brown mold a green mold 4 red molds a gnome 3 garter snakes 12 manes a jackal 3 foxes 3 newts a sewer rat 5 grid bugs a bat 3 lichens 57 creatures vanquished. Voluntary challenges: You did not cause conflict. You were not invisible. You did not have reflection. You were not displaced. You used a wielded weapon 101 times, starting on turn 46. You did not apply a unicorn horn. You did not use plumbed fixtures. You did not drink any magical draughts. You read items or engraved 1 time, starting on turn 1223. You never genocided any monsters. You never polymorphed an object. You never changed form. You used no wishes. You never split a pudding. You never wrote Elbereth's name. You never violated your personal moral code. Dungeon overview: The Dungeons of Doom: levels 1 to 6 Level 1 a long staircase Level 2 a general store, some fountains Level 3 (box) stairs to The Gnomish Mines Level 4 a scroll shop, an altar to Camaxtli Level 5 (eye) many fountains Level 6 stairs to Sokoban The Gnomish Mines: Level 4 stairs to The Dungeons of Doom Sokoban: levels 2 to 5 Level 2 <- You were here a magic chest Level 3 a delicatessen, a magic chest Level 4 Level 5 an altar to Quetzalcoatl, a magic chest stairs to The Dungeons of Doom History has recorded: On T:1 you entered the Dungeons of Doom to retrieve the Amulet of Yendor! On T:46 you reached level 2 of The Dungeons of Doom. On T:201 you reached level 3 of The Dungeons of Doom. On T:509 you reached level 1 of The Gnomish Mines. On T:533 you reached level 4 of The Dungeons of Doom. On T:534 you advanced to experience level 2. On T:719 you reached level 5 of The Dungeons of Doom. On T:771 you advanced to experience level 3. On T:1058 you advanced to experience level 4. On T:1064 you reached level 6 of The Dungeons of Doom. On T:1142 you reached level 4 of Sokoban. On T:1176 you prayed to Camaxtli. On T:1222 you opened a magic chest. On T:1320 you reached level 3 of Sokoban. On T:1706 you reached level 2 of Sokoban. On T:1717 you advanced to experience level 5. On T:1898 you reached level 1 of Sokoban. Score breakdown: Gold: 0 ( 0 points) Experience: 5 levels ( 400 points) Exploration: 6 levels ( 150 points) Discoveries: 22 items ( 1100 points) Variety of kills: 24 monsters ( 1200 points) Major goal: (nothing yet) ( 0 points) Survival: died (score multiplied by 3) Total score: 8550 Latest messages: The boulder falls into and plugs a hole in the floor! With great effort you move the boulder. The boulder falls into and plugs a hole in the floor! You see here a sewer rat corpse. The dart hits the giant mimic. (12x) You feel more confident in your weapon skills. The dart hits the giant mimic. You are now more skilled in dart. You feel you could be more dangerous! You are now more skilled in whip. You feel you could be more dangerous! The dart hits the giant mimic. The dart hits the giant mimic. You whip the giant mimic. (8x) The giant mimic claws you! (2x) You whip the giant mimic. (8x) The giant mimic claws you! You die... Final status: Goodbye woodfighter the Archeologist, killed by a giant mimic... You died in Sokoban on dungeon level 2 with 8550 points, and 0 pieces of gold, after 2179 moves. You were level 5 with a maximum of 31 hit points when you died.